 Dungeon Crawl Stone Soup version 0.27-a0-1557-g57f10a385c (webtiles) character file.

Game seed: 5488099594218049524

4869 night the Arsonist (level 10, 0/69 HPs)
             Began as a Demigod Fire Elementalist on July 15, 2021.
             Slain by a killer bee (4 damage)
             ... on level 9 of the Dungeon.
             The game lasted 00:27:15 (12780 turns).

night the Arsonist (Demigod Fire Elementalist)     Turns: 12780, Time: 00:27:16

Health: 0/69       AC:  7    Str:  9    XL:     10   Next: 5%
Magic:  14/25      EV: 12    Int: 29    God:
Gold:   166        SH:  0    Dex: 14    Spells: 12/24 levels left

rFire    + . .     SeeInvis .   A - +1 flail (protect)
rCold    . . .     Faith    .   (no shield)
rNeg     . . .     Spirit   .   H - +0 steam dragon scales
rPois    .         Reflect  .   (no helmet)
rElec    .         Harm     .   y - +0 cloak {rCorr}
rCorr    +         Rampage  .   m - +0 pair of gloves
Will     +....                  (no boots)
Stlth    ++........             (no amulet)
HPRegen  0.21/turn              u - ring of protection from fire
MPRegen  0.19/turn              (no ring)

@: no status effects
A: high mp 1, forlorn
a: no special abilities


You were on level 9 of the Dungeon.
You visited 1 branch of the dungeon, and saw 9 of its levels.

You collected 613 gold pieces.
You spent 447 gold pieces at shops.

Inventory:

Hand Weapons
 l - a +1 dagger
 A - a +1 flail of protection (weapon)
 E - a +2 long sword of protection
Missiles
 e - 384 stones
 f - 56 poisoned darts
 j - 5 throwing nets
 p - 2 boomerangs
 s - 27 sling bullets
Armour
 a - a +0 robe
 m - a +0 pair of gloves (worn)
 q - a scarf of repulsion
 r - the +6 scale mail of Xeoth {rN++}
   (You found it on level 5 of the Dungeon)

   rN:        It greatly protects you from negative energy.
 y - a +0 cloak of preservation (worn)
 H - +0 steam dragon scales (worn)
Jewellery
 u - a ring of protection from fire (left hand)
 w - a ring of ice
 x - an amulet of guardian spirit
Wands
 v - a wand of flame (42)
 I - a wand of digging (7)
Scrolls
 c - 3 scrolls of teleportation
 h - 2 scrolls of amnesia {unknown}
 k - 5 scrolls of blinking
 C - a scroll of enchant armour {unknown}
 D - a scroll of fog {unknown}
 F - a scroll of acquirement {unknown}
 J - a scroll of brand weapon {unknown}
Potions
 b - 3 potions of lignification
 d - 3 potions of might {unknown}
 g - 3 potions of curing
 i - 2 potions of invisibility
 n - a potion of flight {unknown}
 o - 4 potions of ambrosia
 t - a potion of attraction {unknown}
 z - a potion of mutation
 B - 3 potions of heal wounds
 G - 2 potions of brilliance
 K - a potion of resistance
 L - a potion of magic {unknown}


   Skills:
 - Level 1.7 Dodging
 - Level 1.7 Stealth
 + Level 7.5 Spellcasting
 + Level 8.1 Conjurations
 + Level 8.5 Fire Magic


You had 12 spell levels left.
You knew the following spells:

 Your Spells              Type           Power      Damage    Failure   Level
a - Foxfire               Conj/Fire      100%       2x1d9     1%          1
b - Poisonous Vapours     Pois/Air       20%        N/A       8%          2
c - Sticky Flame          Conj/Fire      56%        2d7       1%          4
d - Fireball              Conj/Fire      28%        3d12      4%          5

Your spell library contained the following spells:

 Spells                   Type           Power      Damage    Failure   Level
 Conjure Flame            Conj/Fire      56%        6-21      1%          3
 Dazzling Flash           Conj/Hex       68%        N/A       2%          3
 Inner Flame              Hex/Fire       35%        N/A       2%          3
 Corona                   Hex            11%        N/A       4%          1
 Mephitic Cloud           Conj/Pois/Air  26%        N/A       4%          3
 Ensorcelled Hibernation  Hex/Ice        20%        N/A       8%          2
 Call Canine Familiar     Summ           10%        N/A       14%         3
 Portal Projectile        Hex/Tloc       20%        N/A       14%         3
 Spider Form              Tmut/Pois      5%         N/A       14%         3
 Tukima's Dance           Hex            10%        N/A       14%         3
 Freezing Cloud           Conj/Ice/Air   13%        6-21      41%         5
 Leda's Liquefaction      Hex/Erth       5%         N/A       43%         4
 Agony                    Necr           10%        N/A       80%         5
 Silence                  Hex/Air        5%         N/A       80%         5
 Shadow Creatures         Summ           N/A        N/A       100%        6


Dungeon Overview and Level Annotations

Branches:
Dungeon (9/15)             Temple (0/1) D:5            Lair (0/6) D:9
    Orc: D:9-12

Shops:
D:1 [   D:2 ?   D:3 [*(((   D:6 *   D:7 *   D:8 ?


Innate Abilities, Weirdness & Mutations

Your attributes grow dramatically as you level up.
You have an increased reservoir of magic. (+10% MP)
You shall have no god before yourself.


Message History

The sticky flame hits the killer bee!
The killer bee is almost dead.
The killer bee is covered in liquid flames!
The killer bee burns!
You kill the killer bee!
The killer bee stings you.
You are poisoned.
The killer bee poisons you!
Casting: Sticky Flame (dangerous; 1% risk of failure)
Confirm with . or Enter, or press ? or * to list all spells.
Aiming: Sticky Flame (dangerous; 1% risk of failure)
Press: ? - help, Shift-Dir - straight line, f - killer bee
Aim: a killer bee (100% to hit)
The sticky flame hits the killer bee!
The killer bee is heavily wounded.
The killer bee is covered in liquid flames!
You feel sick.
The killer bee burns!
The killer bee stings you!
* * * LOW HITPOINT WARNING * * *
The killer bee stings you!
* * * LOW HITPOINT WARNING * * *
You feel better.
The killer bee burns!
You kill the killer bee!
A killer bee comes into view.
The killer bee barely misses you. The killer bee stings you!
* * * LOW HITPOINT WARNING * * *
The killer bee barely misses you.
Casting: Sticky Flame (dangerous; 1% risk of failure)
Confirm with . or Enter, or press ? or * to list all spells.
Aiming: Sticky Flame (dangerous; 1% risk of failure)
Press: ? - help, Shift-Dir - straight line, f - killer bee
Aim: a killer bee (100% to hit)
The sticky flame hits the killer bee!
The killer bee is heavily wounded.
The killer bee is covered in liquid flames!
The killer bee burns!
The killer bee barely misses you. The killer bee stings you.
* * * LOW HITPOINT WARNING * * *
The killer bee burns!
The killer bee stings you.
You die...

#.#
#.##.†.".g.g.
#.#
###.##.###.####
#.# #..#.#.# #.#
#>#.##.# .#
#.####g# #.# #.#
#.# #.#
#.#####.####g#
#.........@y.#
#######.####.#
##..
#......##.....
########........
#....<...##.....
#†######## ##..
#†# #.# #.#


You could see a gnoll shaman and a killer bee (burning).

Vanquished Creatures
  Harold (D:8)
  A komodo dragon (D:9)
  Maggie (D:7)
  Sigmund (D:6)
  A wyvern (D:7)
  3 yaks (D:9)
  2 steam dragons
  Edmund (D:6)
  3 water moccasins
  2 orc warriors
  2 sky beasts
  2 ogres
  2 centaurs (D:8)
  A phantom (D:5)
  A bullfrog (D:8)
  Blork the orc (D:5)
  2 scorpions (D:5)
  3 killer bees (D:9)
  2 howler monkeys
  2 centaur zombies
  2 hounds
  A centaur skeleton (D:7)
  2 gnoll shamans
  3 orc priests (D:8)
  4 iguanas
  9 orc wizards
  Robin (D:3)
  A howler monkey skeleton (D:7)
  18 gnolls
  6 adders
  A white imp (D:5)
  An ufetubus (D:5)
  2 worms
  21 orcs
  6 endoplasms
  A giant cockroach (D:1)
  14 goblins
  4 hobgoblins
  5 jackals (D:3)
  A quokka (D:2)
  7 ball pythons
  4 bats
  3 frilled lizards
  3 kobolds
  3 rats
157 creatures vanquished.

Vanquished Creatures (others)
  560 foxfires
  9 plants
569 creatures vanquished.

Grand Total: 726 creatures vanquished

Notes
Turn   | Place    | Note
-------+----------+-------------------------------------------
     0 | D:1      | night the Demigod Fire Elementalist began the quest for the
                  | Orb.
     0 | D:1      | Reached XP level 1. HP: 14/14 MP: 5/5
    23 | D:1      | Reached skill level 1 in Conjurations
   247 | D:1      | Reached skill level 2 in Spellcasting
   378 | D:1      | Found Unapanok's Armour Boutique.
   574 | D:1      | Reached XP level 2. HP: 20/20 MP: 5/7
  1781 | D:2      | Reached XP level 3. HP: 26/26 MP: 6/9
  1818 | D:2      | Found Vepn's Magic Scroll Boutique.
  1827 | D:2      | Bought a scroll of identify for 20 gold pieces
  1827 | D:2      | Bought a scroll of blinking for 75 gold pieces
  1972 | D:2      | HP: 2/26 [gnoll (5)]
  1982 | D:2      | Reached skill level 2 in Conjurations
  2004 | D:2      | Learned a level 2 spell: Poisonous Vapours
  2612 | D:3      | Reached XP level 4. HP: 33/33 MP: 7/10
  3131 | D:3      | Found Xaihed's Antique Weapon Shoppe.
  3139 | D:3      | Found Qunlakh's Weapon Shoppe.
  3165 | D:3      | Found Ciebig's Weapon Shoppe.
  3203 | D:3      | Noticed Robin
  3238 | D:3      | Killed Robin
  3693 | D:3      | Found Poriym's Assorted Antiques.
  3703 | D:3      | Reached XP level 5. HP: 38/38 MP: 6/12
  3796 | D:3      | Learned a level 5 spell: Fireball
  3805 | D:3      | Found Zueffav's Antique Armour Boutique.
  4179 | D:4      | Noticed an ogre
  4185 | D:4      | HP: 4/38 [ogre (34)]
  4542 | D:4      | HP: 4/38 [gnoll (4)]
  4547 | D:4      | HP: 3/38 [gnoll (1)]
  4856 | D:4      | You fall into a shaft and drop 1 floor!
  4856 | D:5      | Entered Level 5 of the Dungeon
  4856 | D:5      | Found a staircase to the Ecumenical Temple.
  4876 | D:5      | Reached XP level 6. HP: 45/45 MP: 10/14
  4881 | D:5      | Learned a level 4 spell: Sticky Flame
  5456 | D:5      | Noticed Blork the orc
  5474 | D:5      | Killed Blork the orc
  5762 | D:5      | Identified the +6 scale mail of Xeoth {rN++}
  5950 | D:5      | Reached XP level 7. HP: 50/50 MP: 12/16
  6004 | D:5      | Reached skill level 5 in Fire Magic
  7142 | D:6      | Noticed Edmund
  7156 | D:6      | Killed Edmund
  7157 | D:6      | Reached skill level 5 in Conjurations
  7359 | D:3      | Bought a runed cloak for 172 gold pieces
  7816 | D:6      | Found Lifaej's Assorted Antiques.
  7817 | D:6      | Noticed Sigmund
  7823 | D:6      | Killed Sigmund
  7824 | D:6      | Reached skill level 5 in Spellcasting
  7824 | D:6      | Reached XP level 8. HP: 57/57 MP: 12/19
  8249 | D:7      | Noticed Maggie
  8259 | D:7      | HP: 7/57 [Maggie (7)]
  8578 | D:7      | Killed Maggie
  9933 | D:7      | Found Geymuk's Serpentskin Sales.
  9941 | D:7      | HP: 7/57 [poisoned by a water moccasin]
  9945 | D:7      | HP: 2/57 [poisoned by a water moccasin]
 10292 | D:8      | Reached XP level 9. HP: 62/62 MP: 18/22
 10377 | D:8      | Found Rel Igats's Magic Scroll Shoppe.
 10386 | D:8      | Bought a scroll of blinking for 90 gold pieces
 10386 | D:8      | Bought a scroll of blinking for 90 gold pieces
 11692 | D:8      | Noticed Harold
 11714 | D:8      | Killed Harold
 12631 | D:9      | Found a staircase to the Lair.
 12632 | D:9      | Noticed a komodo dragon
 12661 | D:9      | Killed a komodo dragon
 12662 | D:9      | Reached XP level 10. HP: 69/69 MP: 9/25
 12774 | D:9      | HP: 7/69 [killer bee (8)]
 12779 | D:9      | HP: 4/69 [killer bee (3)]
 12780 | D:9      | Slain by a killer bee

Illustrated notes

Levels and vault maps discovered:
D:1:      lightli_arrival_quake, layout_basic,
          chequers_ecumenical_altar_simple_redux, serial_shops,
          nicolae_shop_crystal
D:2:      layout_basic, serial_shops, shop, minmay_misc_feat_four_crosses,
          chequers_serial_rivers_small_a, chequers_serial_rivers_micro_d,
          minmay_misc_feat_five
D:3:      layout_basic, demons_altar, serial_shops, shop,
          nicolae_shop_waterfront, shop, shop, nicolae_shop_crystal,
          item_on_display_a, uniq_robin
D:4:      layout_rooms, lemuel_tele_altar, mainiacjoe_overflow_24_doors
D:5:      layout_layer_cave, grunt_dithmenos_smoke_and_mirrors,
          minmay_temple_entry_large_hall, uniq_blork_the_orc
D:6:      layout_basic, okawaru_ov_weapons_minmay, serial_shops,
          nicolae_shop_overgrown_old_shop, hangedman_decor_slide_cut,
          minivault_10, uniq_sigmund, uniq_edmund
D:7:      layout_loops_corners, guppyfry_shop_venom, uniq_maggie
D:8:      layout_layer_cave, mainiacjoe_overflow_six_doors_small, serial_shops,
          nicolae_shop_crystal, chequers_arboretum, uniq_harold
D:9:      layout_loops_ring, kennysheep_mini, david_lair_shrubbed

Skill      XL: |  1  2  3  4  5  6  7  8  9 |
---------------+----------------------------+-----
Conjurations   | 1 2 3 4 5 6 8 |  8.1
Spellcasting   | 2 3 4 5 6 7 |  7.5
Fire Magic     | 3 4 6 7 8 |  8.5
Dodging        | |  1.7
Stealth        | |  1.7

Action                   |  1- 3 |  4- 6 |  7- 9 | 10-12 || total
-------------------------+-------+-------+-------+-------++-------
Melee: Unarmed           |    13 |       |       |       ||    13
       Dagger            |       |    29 |     1 |       ||    30
       Flail             |       |       |    68 |     4 ||    72
 Cast: Foxfire           |    65 |   136 |   129 |     4 ||   334
       Poisonous Vapours |     3 |     3 |    16 |       ||    22
       Sticky Flame      |       |       |    19 |     3 ||    22
       Fireball          |       |       |    11 |       ||    11
Evoke: Wand              |       |       |     2 |       ||     2
  Use: Scroll            |     2 |     1 |     8 |       ||    11
       Potion            |     1 |     2 |       |     1 ||     4
 Stab: Sleeping          |       |       |     1 |       ||     1
Armor: Robe              |    17 |    16 |     7 |       ||    40
       Acid dragon scale |       |       |    33 |       ||    33
       Steam dragon scal |       |       |    15 |     3 ||    18
Dodge: Dodged            |    46 |    43 |    79 |    12 ||   180

Table legend: (Time is in decaauts)
 A = Elapsed time spent in this place.
 B = Non-inter-level travel time spent in this place.
 C = Inter-level travel time spent in this place.
 D = Time resting spent in this place.
 E = Time spent auto-exploring this place.
 F = Levels seen in this place.
 G = Mean time per level.
                   A        B        C        D        E       F      G
               +--------+--------+--------+--------+--------+-----+--------+
         Total |  12820 |  12076 |    744 |   2495 |   7996 |   9 | 1424.4 |
       Dungeon |  12820 |  12076 |    744 |   2495 |   7996 |   9 | 1424.4 |
               +--------+--------+--------+--------+--------+-----+--------+

Top non-repeatable levels by time:
     D:7: 2104 daAuts
     D:8: 1944 daAuts
     D:3: 1886 daAuts
     D:5: 1591 daAuts
     D:1: 1350 daAuts
     D:2: 1279 daAuts
     D:6: 1053 daAuts
     D:4: 1051 daAuts
     D:9: 559 daAuts
